Unix NetHack Version 5.0.0-0 post-release - last build May  4 2026 22:22:43 (774f63e81ad911689b3a0859ea89b322d5daca8d,branch:main).

Game began 2026-05-08 05:04:13, ended 2026-05-08 05:40:50.

7spoons, lawful female human Valkyrie

                                                           --------------
                    ------------                           |............|
    -------        #...........|                           |............|
    |.....|        #|....{.....|               -----     ##-............|
    |.....-#########|.........^|             ##-..(|     # |............|
    |.....|         -------|----             # |....#######.............|
    |{....|                #               ### |...|       ------------.-
    |......#########################       #   |...|                   #
    -------                #    ############   -----                   #
                          -|--------------##                           #
                          |..............|##                           ##
                          |..............|#############d                #
                          |..<............#            d@##########000  #
                          |..............|                          -.--.---
                          ----------------                          |......|
                                                                    |...>..|
                                                                    --------

7spoons the Skirmisher      St:18/03 Dx:14 Co:14 In:8 Wi:7 Ch:9  Lawful
Dlvl:4  $:42 HP:0(26) Pw:5(5) AC:5  Xp:3 T:2475  Hungry  

Latest messages:
 You succeed in unlocking the door.
 The door opens.
 You see here a yellowish brown gem.
 u - a yellowish brown gem.
 You swap places with your little dog.
 You see here 5 gold pieces.
 $ - 5 gold pieces (42 in total).
 You swap places with your little dog.
 You try to move the boulder, but in vain.
 You swap places with your little dog.
 You hear a gurgling noise.
 You find a hidden door.
 The door opens.
 You find a hidden passage.
 You see here a fortune cookie.
 v - a fortune cookie.
 There is a sink here.
 The door opens.
 You hear a gurgling noise.
 The little dog falls into a pit!
 You find a hidden door.
 The little dog climbs out of the pit.
 The door opens.
 You hear some noises.
 You are beginning to feel hungry.
 You swap places with your little dog.
 The little dog bites!
 The little dog bites!
 You miss the little dog.
 The little dog misses!
 The little dog bites!
 The little dog misses the little dog.
 The little dog bites!
 The little dog misses the little dog.
 What do you want to throw? [$bot or ?*] b
 In what direction? 4
 The dagger hits the little dog!
 The little dog bites!
 The little dog misses the little dog.
 The little dog bites!
 You miss the little dog.
 The little dog bites!
 The little dog bites the little dog.
 The little dog bites!
 You die...
 Do you want your possessions identified? [ynq] (y) y
 Do you want to see your attributes? [ynq] (y) n
 Do you want an account of creatures vanquished? [ynaq] (y) n
 Do you want to see your conduct and achievements? [ynq] (y) n
 Do you want to see the dungeon overview? [ynq] (y) y

Inventory:
 Coins    ('$')
  $ - 42 gold pieces
 Weapons  (')')
  o - 12 +0 darts
  t - a +0 orcish dagger
  a - a +1 spear (weapon in right hand)
 Armor    ('[')
  j - an uncursed +0 orcish helm (being worn)
  c - an uncursed +3 small shield (being worn)
 Comestibles  ('%')
  d - an uncursed food ration
  v - an uncursed fortune cookie
  k - an uncursed lembas wafer
 Scrolls  ('?')
  p - a blessed scroll of fire
 Potions  ('!')
  s - an uncursed potion of healing
 Tools    ('(')
  q - an expensive camera (0:35)
  n - an uncursed skeleton key
 Gems/Stones  ('*')
  u - an uncursed worthless piece of yellowish brown glass

7spoons the Valkyrie's attributes:

Background:
 You were a Skirmisher, a level 3 human Valkyrie.
 You were lawful, on a mission for Tyr
 who was opposed by Odin (neutral) and Loki (chaotic).
 You were right-handed.
 You were in the Dungeons of Doom, on level 4.
 You entered the dungeon 2475 turns ago.
 It was nighttime.
 You had 57 experience points, 23 more were needed to attain level 4.

Basics:
 You had 0 out of 26 hit points.
 You had all 5 energy points (spell power).
 Your armor class was 5.
 Your wallet contained 42 zorkmids.
 Autopickup was off.

Final Characteristics:
 Your strength was 18/03 (limit:18/100).
 Your dexterity was 14 (limit:18).
 Your constitution was 14 (limit:18).
 Your intelligence was 8 (limit:18).
 Your wisdom was 7 (limit:18).
 Your charisma was 9 (limit:18).

Final Status:
 You were hungry.
 You were unencumbered.
 You were wielding a spear.
 You had basic skill with spear.

Final Attributes:
 You were piously aligned.
 You were cold resistant.
 You were stealthy.
 You are dead.

Miscellaneous:
 You didn't encounter any bones levels.
 Total elapsed playing time was 35 minutes and 22 seconds.

Major events:
 Turn
    1: 7spoons the lawful human Valkyrie entered the dungeon
  371: entered the Gnomish Mines
 1824: attained the rank of Skirmisher (level 3)
 2475: killed by a little dog

You didn't know any spells.

Skills:
 Fighting Skills
   bare handed combat [Unskilled]
   two weapon combat  [Unskilled]
   riding             [Unskilled]
 Weapon Skills
   dagger             [Basic]
   axe                [Unskilled]
   pick-axe           [Unskilled]
   short sword        [Unskilled]
   broadsword         [Unskilled]
   long sword         [Unskilled]
   two-handed sword   [Unskilled]
   saber              [Unskilled]
   hammer             [Unskilled]
   quarterstaff       [Unskilled]
   polearms           [Unskilled]
   spear              [Basic]
   trident            [Unskilled]
   lance              [Unskilled]
   sling              [Unskilled]
 Spellcasting Skills
   attack spells      [Unskilled]
   escape spells      [Unskilled]

Voluntary challenges:
 Character rerolling was not enabled.
 You never genocided any monsters.
 You never polymorphed an object.
 You never changed form.
 You used no wishes.
Achievements:
 You entered the Gnomish Mines.
 You entered a shop.
 You attained the rank of Skirmisher.

 The Dungeons of Doom: levels 1 to 4
    Level 1:
    Level 2:
       A tool shop, an altar.
       Stairs down to The Gnomish Mines.
    Level 3:
       Some fountains, a sink.
    Level 4: <- You were here.
       A fountain, a sink.
       Final resting place for
          you, killed by a little dog.
 The Gnomish Mines:
    Level 3:


Vanquished creatures:
  3 coyotes
  a gas spore
  a large kobold
  a giant rat
  a brown mold
  a red mold
  a gecko
 10 jackals
  2 goblins
  5 sewer rats
  3 grid bugs
  6 lichens
  3 newts
38 creatures vanquished.

No species were genocided or became extinct.

Game over:
                       ----------
                      /          \
                     /    REST    \
                    /      IN      \
                   /     PEACE      \
                  /                  \
                  |     7spoons      |
                  |      42 Au       |
                  |   killed by a    |
                  |    little dog    |
                  |                  |
                  |                  |
                  |       2026       |
                 *|     *  *  *      | *
        _________)/\\_//(\/(/\)/\//\/|_)_______

Farvel 7spoons the Valkyrie...

You died in The Dungeons of Doom on dungeon level 4 with 416 points,
and 42 pieces of gold, after 2475 moves.
You were level 3 with a maximum of 26 hit points when you died.

